 Dungeon Crawl Stone Soup version 0.28-a0-21-gf74fda84f9 (webtiles) character file.

Game seed: 1374552592241743940

101193 robertstho the Tortoise (level 16, -12/143 HPs)
             Began as a Barachi Berserker on July 26, 2021.
             Was an Elder of Trog.
             Killed from afar by a shock serpent (20 damage)
             ... with a bolt of electricity
             ... on level 1 of the Snake Pit.
             The game lasted 00:58:35 (23131 turns).

robertstho the Tortoise (Barachi Berserker)        Turns: 23131, Time: 00:58:36

Health: -12/143    AC: 35    Str: 25    XL:     16   Next: 29%
Magic:  16/16      EV:  8    Int:  9    God:    Trog [****..]
Gold:   2863       SH: 18    Dex: 11    Spells: 15/15 levels left

rFire   + . .      SeeInvis .   X - +4 demon blade (freeze)
rCold   + . .      Faith    .   F - +0 tower shield {AC+3}
rNeg    . . .      Spirit   .   E - +6 chain mail of Midwinter {rPois}
rPois   +          Reflect  .   C - +0 helmet
rElec   .          Harm     .   M - scarf {rC+ rF+}
rCorr   .          Rampage  .   N - +1 pair of gloves
Will    +....                   R - +0 pair of boots {Stlth+}
Stlth   ..........              s - amulet of regeneration
HPRegen 1.33/turn               B - +4 ring of protection
MPRegen 0.15/turn               (no ring)

@: on berserk cooldown, slowed, very slow
A: amphibious, slowness 1, strong legs 2, +LOS
a: Hop, Renounce Religion, Berserk, Trog's Hand, Brothers in Arms


You were on level 1 of the Snake Pit.
You worshipped Trog.
Trog was greatly pleased with you.
You visited 5 branches of the dungeon, and saw 24 of its levels.
You also visited: Sewer, Ossuary, Bailey and Ice Cave.

You collected 3743 gold pieces.
You spent 880 gold pieces at shops.

Inventory:

Hand Weapons
 f - a +2 scimitar of flaming
 L - a +6 antimagic long sword
 X - a +4 demon blade of freezing (weapon)
Missiles
 w - a throwing net
Armour
 a - a +1 cloak
 u - a +1 chain mail of fire resistance
 C - a +0 helmet (worn)
 E - the +6 chain mail of Midwinter (worn) {rPois}
   (You bought it in a shop on level 2 of the Orcish Mines)

   rPois:     It protects you from poison.
 F - a +0 tower shield of protection (worn)
 M - a scarf of resistance (worn)
 N - a +1 pair of gloves (worn)
 P - a +2 crystal plate armour of cold resistance
 R - a +0 pair of boots of stealth (worn)
 S - a +2 kite shield of cold resistance
Jewellery
 d - a ring of fire
 j - a ring of fire
 q - a ring of see invisible
 s - an amulet of regeneration (around neck)
 t - a ring of positive energy
 B - a +4 ring of protection (left hand)
 I - a ring of resist corrosion
 Q - a ring of flight
 W - the ring of Jealousy {rElec MP+9 Str+4 Dex-3}
   (You bought it in a shop on level 2 of the Orcish Mines)

   [ring of magical power]

   Str:       It affects your strength (+4).
   Dex:       It affects your dexterity (-3).
   rElec:     It insulates you from electricity.
   MP:        It affects your magic capacity (+9).
Wands
 c - a wand of digging (7)
 z - a wand of flame (23)
 G - a wand of acid (8)
 K - a wand of iceblast (15)
 Z - a wand of mindburst (9)
Scrolls
 b - 4 scrolls of fog
 g - a scroll of holy word
 n - 4 scrolls of teleportation
 p - 5 scrolls of enchant armour
 y - a scroll of immolation
 A - 2 scrolls of summoning
 D - 3 scrolls of magic mapping
 H - 2 scrolls of brand weapon
 J - 3 scrolls of silence
Potions
 e - 3 potions of mutation
 h - 7 potions of curing {unknown}
 i - a potion of berserk rage {unknown}
 k - 5 potions of lignification {unknown}
 l - 6 potions of haste {unknown}
 m - 6 potions of flight {unknown}
 o - 5 potions of brilliance {unknown}
 r - 4 potions of cancellation {unknown}
 v - a potion of ambrosia
 V - 3 potions of resistance {unknown}
Miscellaneous
 T - a box of beasts
 Y - a condenser vane (inert)


   Skills:
 * Level 18.1 Fighting
 + Level 0.2(10.2) Short Blades
 + Level 16.4 Long Blades
 * Level 20.7 Armour
 + Level 4.9 Dodging
 + Level 2.2 Stealth
 + Level 10.0 Shields
 + Level 1.6 Evocations


You had 15 spell levels left.
You didn't know any spells.
Your spell library was empty.

Dungeon Overview and Level Annotations

Branches:
Dungeon (14/15)            Temple (0/1) D:7            Lair (6/6) D:10
  Swamp (1/4) Lair:3        Snake (1/4) Lair:3        Slime (0/5) Lair:6
    Orc (2/2) D:11            Elf (0/3) Orc:2        Vaults (0/5) D:14
  Sewer (visited)         Ossuary (visited)          Bailey (visited)
  IceCv (visited)

Altars:
Ashenzari
Dithmenos
Elyvilon
Fedhas
Kikubaaqudgha
Makhleb
Qazlal
Uskayaw
Yredelemnul
The Shining One

Shops:
D:10 [   D:13 [(=*   Orc:2 **(:[

Annotations:
D:11 3 runed translucent doors, Dittersdorf's ghost, novice GrFi


Innate Abilities, Weirdness & Mutations

You are amphibious.
You cover ground slowly.
You can hop long distances.
You have an extended range of vision and can be seen from far away.


Message History

You feel sick.
You are no longer poisoned.
Things that are here:
a +0 dire flail; a naga corpse A shock serpent comes into view.
You see here a +0 spear.
The shock serpent hisses angrily.
The shock serpent shoots out a bolt of lightning at you!
The bolt of electricity hits you. The bolt of electricity hits you!
The shock serpent bites you but does no damage.
The shock serpent shoots out a bolt of lightning at you!
The bolt of electricity hits you but does no damage.
The bolt of electricity hits you!
The bolt of electricity misses the shock serpent.
You closely miss the shock serpent. You block the shock serpent's attack.
The shock serpent shoots out a bolt of lightning at you!
The bolt of electricity hits you!! The bolt of electricity misses you.
The bolt of electricity hits the shock serpent.
The shock serpent completely resists.
You slash the shock serpent!
The shock serpent seems to slow down.
You freeze the shock serpent.
The shock serpent is moderately wounded.
The shock serpent's electric aura discharges, shocking you!
The shock serpent bites you but does no damage.
You slice the shock serpent!! You freeze the shock serpent.
The shock serpent is severely wounded.
The shock serpent's electric aura discharges, shocking you!
The shock serpent shoots out a bolt of lightning at you!
The bolt of electricity hits you. The bolt of electricity hits you!!
* * * LOW HITPOINT WARNING * * *
The bolt of electricity hits the shock serpent.
The shock serpent completely resists.
The shock serpent barely misses you.
You hit the shock serpent but do no damage.
The shock serpent is severely wounded.
The shock serpent is no longer moving slowly.
The shock serpent shoots out a bolt of lightning at you!
The bolt of electricity hits you!!
* * * LOW HITPOINT WARNING * * *
The bolt of electricity hits you!!
You die...

#......#.#.....##...#...####..#
#......#....###...#######.....#
#.......)...###...##......#...###
#......รท....#........######.....#
...##..[..)##.###...## #####.#
##............###...# .#
...#.........#......# #
.........#...#..S.####
.........#####..@....#
..................)..#
..#######..###...#).)# ..
......######.# # ####. #..# #.
..... # #...## ..... ..#...


You could see a shock serpent.

Vanquished Creatures
  Agnes (D:14)
  A bunyip (Swamp:1)
  An ettin (Orc:1)
  Harold (D:7)
  Josephine (D:14)
  The ghost of flotson the Cleaver, a journeyman HODe of Beogh (Orc:2)
  An ice dragon (IceCv)
  2 naga warriors (Snake:1)
  2 boulder beetles
  11 hydras
  2 ogre magi (Orc:2)
  An anaconda (Snake:1)
  2 catoblepae
  9 two-headed ogres
  2 naga sharpshooters (Snake:1)
  Urug (Orc:2)
  A shock serpent (Snake:1)
  An orc high priest (Orc:2)
  A goliath frog (Lair:6)
  A naga ritualist (Snake:1)
  2 deep trolls (Orc:2)
  A swamp dragon (Swamp:1)
  3 deep elf pyromancers (D:14)
  An ugly thing (D:11)
  A mana viper (Snake:1)
  2 orc sorcerers (Orc:1)
  3 orc knights
  13 cyclopes
  An oklob plant (Lair:2)
  A manticore (D:14)
  6 elephants
  2 ice statues (IceCv)
  14 black mambas
  Maurice (D:10)
  2 naga magi (Snake:1)
  2 guardian serpents (Snake:1)
  2 gargoyles
  20 cane toads
  A kobold demonologist (D:14)
  An unseen horror (D:12)
  3 efreet
  5 rime drakes
  8 komodo dragons
  A polar bear (Lair:6)
  11 trolls
  A queen bee (shapeshifter) (D:13)
  2 hornets
  A meliai (D:8)
  Grinder (D:5)
  3 tyrant leeches
  30 blink frogs
  12 dream sheep (Lair:6)
  A meliai zombie (D:10)
  2 spriggans (Swamp:1)
  3 shadows
  A fire bat (shapeshifter) (D:14)
  A wyvern (Lair:4)
  37 yaks
  9 wraiths
  2 basilisks
  A steam dragon (D:9)
  12 vampire mosquitoes
  7 wargs (Orc:1)
  Edmund (D:5)
  10 nagas
  2 swamp worms (Swamp:1)
  9 water moccasins
  2 sky beasts
  3 swamp drakes (Swamp:1)
  23 orc warriors
  An ice beast (D:8)
  28 ogres
  3 black bears
  5 necrophages
  2 centaurs
  11 wolves
  5 phantoms
  2 kobold brigands
  Blork the orc (D:5)
  19 bullfrogs
  A gnoll sergeant (Orc:2)
  A scorpion (D:4)
  A wyvern zombie (D:7)
  A troll zombie (D:11)
  A water moccasin skeleton (D:7)
  2 lindwurm simulacra (IceCv)
  6 killer bees
  5 wights
  3 howler monkeys (D:10)
  2 electric eels (Lair:6)
  A crimson imp (D:8)
  2 bullfrog zombies
  7 centaur zombies
  7 komodo dragon simulacra (IceCv)
  A hound (D:5)
  6 jellies
  A human zombie (Ossuary)
  10 orc priests
  3 gnoll shamans
  Crazy Yiuf (D:7)
  A bullfrog skeleton (D:5)
  3 iguanas
  18 orc wizards
  2 hell rats (Lair:6)
  A killer bee zombie (D:8)
  5 ogre zombies (D:11)
  A hound skeleton (D:4)
  3 mummies (Ossuary)
  A howler monkey zombie (D:10)
  8 adders
  18 gnolls
  7 acid dragon simulacra (IceCv)
  2 river rats (D:5)
  2 white imps
  5 steam dragon simulacra (IceCv)
  An adder skeleton (D:4)
  3 dart slugs
  66 orcs
  8 bats
  5 endoplasms
  8 giant cockroaches
  4 goblins
  4 hobgoblins
  2 jackals (D:4)
  13 kobolds
  3 quokkas
  7 ball pythons
  11 frilled lizards
  A gnoll zombie (Ossuary)
  2 goblin skeletons (D:11)
  4 goblin zombies (D:11)
  2 hobgoblin skeletons (D:11)
  4 hobgoblin zombies
  A kobold zombie (Ossuary)
  3 orc skeletons (D:11)
  8 orc zombies
  2 rats
704 creatures vanquished.

Vanquished Creatures (collateral kills)
  Jorgrun (Orc:1)
  Nessos (Lair:6)
  A fire dragon (D:14)
  A hydra (Swamp:1)
  An alligator (Swamp:1)
  An iron troll (D:14)
  A spriggan druid (Swamp:1)
  An orc sorcerer (Orc:1)
  A cyclops (D:14)
  A blink frog (Lair:6)
  A spriggan (Swamp:1)
  A wraith (D:14)
  2 yaks (D:9)
  3 orc warriors (D:14)
  2 hell rats (Lair:6)
19 creatures vanquished.

Vanquished Creatures (others)
  A goliath frog (Swamp:1)
  A rime drake (IceCv)
  A bloated husk (Swamp:1)
  An orc (Orc:1)
  An endoplasm (Lair:6)
  37 fungi
  89 plants
131 creatures vanquished.

Grand Total: 854 creatures vanquished

Notes
Turn   | Place    | Note
-------+----------+-------------------------------------------
     0 | D:1      | robertstho the Barachi Berserker began the quest for the
                  | Orb.
     0 | D:1      | Reached XP level 1. HP: 18/18 MP: 1/1
   289 | D:1      | Reached XP level 2. HP: 22/25 MP: 2/2
  1655 | D:2      | Reached XP level 3. HP: 27/30 MP: 3/3
  1998 | D:2      | Found a faded altar of an unknown god.
  2543 | D:3      | Found a basalt altar of Yredelemnul.
  2545 | D:3      | Noticed a profane servitor
  2549 | D:3      | Reached ** piety under Trog
  2558 | D:3      | Found a glowing golden altar of the Shining One.
  2560 | D:3      | Noticed an angel
  2618 | D:3      | Reached XP level 4. HP: 36/38 MP: 4/4
  2760 | D:3      | Found an ancient bone altar of Kikubaaqudgha.
  2815 | D:3      | Reached skill level 3 in Armour
  2939 | D:3      | Reached XP level 5. HP: 35/43 MP: 5/5
  2952 | D:3      | Found a hide-covered altar of Uskayaw.
  3101 | D:4      | Found a blossoming altar of Fedhas.
  3116 | D:4      | Reached skill level 5 in Long Blades
  3116 | D:4      | Reached skill level 1 in Stealth
  3147 | D:4      | Reached skill level 5 in Fighting
  3257 | D:4      | Found a sand-covered staircase.
  3270 | Ossuary  | Entered an ossuary
  3331 | Ossuary  | Reached XP level 6. HP: 51/51 MP: 6/6
  3859 | D:4      | Reached skill level 4 in Armour
  4182 | D:5      | Entered Level 5 of the Dungeon
  4226 | D:5      | Reached XP level 7. HP: 57/57 MP: 7/7
  4247 | D:5      | Noticed Grinder
  4258 | D:5      | Paralysed by Grinder for 3 turns
  4269 | D:5      | Paralysed by Grinder for 5 turns
  4282 | D:5      | Paralysed by Grinder for 3 turns
  4286 | D:5      | Killed Grinder
  4287 | D:5      | Reached skill level 5 in Armour
  4318 | D:5      | Noticed Edmund
  4332 | D:5      | Killed Edmund
  4333 | D:5      | Reached XP level 8. HP: 65/65 MP: 8/8
  4355 | D:5      | Found a shadowy altar of Dithmenos.
  4438 | D:5      | Reached skill level 6 in Armour
  4480 | D:5      | Found a glowing drain.
  4488 | Sewer    | Entered a sewer
  4502 | Sewer    | Reached *** piety under Trog
  4734 | D:5      | Noticed Blork the orc
  4740 | D:5      | Killed Blork the orc
  5177 | D:6      | Reached skill level 7 in Armour
  5256 | D:6      | Reached XP level 9. HP: 45/74 MP: 9/9
  5369 | D:6      | Reached **** piety under Trog
  6195 | D:7      | Found a staircase to the Ecumenical Temple.
  6229 | D:7      | Noticed Harold
  6286 | D:7      | Killed Harold
  6287 | D:7      | Reached skill level 8 in Armour
  6410 | D:7      | Found a runed translucent door.
  6411 | D:7      | Noticed Crazy Yiuf
  6591 | D:7      | Killed Crazy Yiuf
  6662 | D:8      | Reached skill level 9 in Armour
  6746 | D:8      | Found a white marble altar of Elyvilon.
  6811 | D:8      | Found a stormy altar of Qazlal.
  6858 | D:8      | Found a broken altar of Ashenzari.
  6885 | D:8      | Noticed a meliai
  6885 | D:8      | Noticed a troll
  6902 | D:8      | Killed a troll
  6903 | D:8      | Reached skill level 10 in Long Blades
  6903 | D:8      | Reached XP level 10. HP: 84/84 MP: 10/10
  7060 | D:8      | Reached skill level 10 in Armour
  7205 | D:8      | Identified the +1 ring mail of Muttered Phrases {Fly rC+
                  | Int-3}
  7372 | D:8      | Found a burning altar of Makhleb.
  7536 | D:9      | Reached skill level 10 in Fighting
  7894 | D:9      | Reached skill level 11 in Armour
  8423 | D:10     | Entered Level 10 of the Dungeon
  8508 | D:10     | Paralysed by a hornet for 1 turns
  8516 | D:10     | Noticed an elephant
  8589 | D:9      | Killed an elephant
  8590 | D:9      | Reached skill level 12 in Armour
  8647 | D:10     | Reached skill level 13 in Armour
  8707 | D:10     | Found a staircase to the Lair.
  8729 | D:10     | Reached XP level 11. HP: 92/92 MP: 11/11
  8732 | D:10     | Found Ennuus's Armour Boutique.
  8867 | D:10     | Reached skill level 14 in Armour
  8892 | D:10     | Noticed Maurice
  8904 | D:10     | Killed Maurice
  9399 | D:11     | Identified the +8 mace of Jaazotej {vorpal, rElec rN+
                  | Int+3}
  9416 | D:11     | Found a runed translucent gate.
  9418 | D:11     | Found a runed translucent gate.
  9418 | D:11     | Noticed Dittersdorf's ghost (novice GrFi)
  9419 | D:11     | Found a runed translucent gate.
  9657 | D:11     | Found a staircase to the Orcish Mines.
  9801 | D:11     | Noticed a green ugly thing
  9823 | D:11     | Killed a green ugly thing
  9824 | D:11     | Reached skill level 15 in Armour
 10343 | D:11     | Reached ***** piety under Trog
 11145 | D:12     | Identified a scroll of acquirement
 11146 | D:12     | Acquired a +0 pair of boots of stealth
 11161 | D:12     | Noticed a boulder beetle
 11180 | D:12     | Killed a boulder beetle
 11181 | D:12     | Reached XP level 12. HP: 102/102 MP: 12/12
 11422 | D:12     | Reached skill level 16 in Armour
 11628 | D:13     | Found Ziemp's Assorted Antiques.
 11814 | D:13     | Found Hiss's Jewellery Emporium.
 11858 | D:13     | Found a glowing golden altar of the Shining One.
 11892 | D:13     | Found Imixkez's Armour Emporium.
 11934 | D:13     | Found Soejeeti's Weapon Shop.
 12352 | D:14     | Received a gift from Trog
 12418 | D:14     | Noticed a catoblepas
 12431 | D:14     | Killed a catoblepas
 12519 | D:14     | Reached skill level 17 in Armour
 12882 | D:14     | Noticed Josephine
 12950 | D:14     | Killed Josephine
 13117 | D:14     | Noticed Agnes
 13128 | D:14     | Killed Agnes
 13219 | D:14     | Noticed a fire dragon
 13219 | D:14     | Noticed an iron troll
 13225 | D:14     | Killed a fire dragon
 13228 | D:14     | Killed an iron troll
 13229 | D:14     | Reached skill level 18 in Armour
 13229 | D:14     | Gained mutation: You can hop long distances. [Barachi
                  | growth]
 13229 | D:14     | Reached XP level 13. HP: 111/111 MP: 13/13
 13246 | D:14     | Found a gate to the Vaults.
 13349 | Lair:1   | Entered Level 1 of the Lair of Beasts
 15386 | Lair:3   | Found a staircase to the Swamp.
 15752 | Lair:3   | Found a staircase to the Snake Pit.
 16654 | Lair:5   | Reached skill level 15 in Fighting
 16807 | Lair:5   | Reached skill level 19 in Armour
 16812 | Lair:5   | Reached skill level 15 in Long Blades
 16900 | Lair:5   | Reached XP level 14. HP: 101/123 MP: 14/14
 17162 | Lair:5   | You fall into a shaft and drop 1 floor!
 17162 | Lair:6   | Entered Level 6 of the Lair of Beasts
 17197 | Lair:6   | Found a frozen archway.
 17207 | IceCv    | Entered an ice cave
 17736 | Lair:6   | Reached skill level 1 in Shields
 17768 | Lair:6   | Reached skill level 1 in Evocations
 17923 | Lair:6   | Found a staircase to the Slime Pits.
 18444 | Lair:6   | Noticed Nessos
 18483 | Lair:6   | Killed Nessos
 18759 | Lair:6   | Reached skill level 5 in Shields
 18799 | Lair:6   | Identified the ring "Wameosh" {rPois rF+ MP+9 Str+6 Slay-6}
 19126 | Lair:6   | Reached XP level 15. HP: 95/132 MP: 15/15
 19425 | Orc:1    | Entered Level 1 of the Orcish Mines
 19501 | Orc:1    | Reached skill level 20 in Armour
 19546 | Orc:1    | Found a flagged portal.
 19575 | Orc:1    | Received a gift from Trog
 19601 | Bailey   | Entered a bailey
 19823 | Bailey   | Identified the +3 war axe of Evolution {vorpal, rC+ rN+
                  | Stlth-}
 20285 | Orc:1    | Noticed Jorgrun
 20304 | Orc:1    | Killed Jorgrun
 20866 | Orc:2    | Entered Level 2 of the Orcish Mines
 20952 | Orc:2    | Found a staircase to the Elven Halls.
 20965 | Orc:2    | Found Pyczoddi's Armour Emporium.
 21062 | Orc:2    | Found a runed translucent gate.
 21063 | Orc:2    | Found a runed translucent gate.
 21064 | Orc:2    | Found a runed translucent gate.
 21066 | Orc:2    | Noticed flotson's ghost (journeyman HODe)
 21278 | Orc:2    | Noticed Urug
 21304 | Orc:2    | Killed Urug
 21350 | Orc:2    | Found Jumeiss's Antique Weapon Shoppe.
 21379 | Orc:2    | Found Sypuvvaack's Assorted Antiques.
 21380 | Orc:2    | Found Odghoaro's General Store.
 21384 | Orc:2    | Bought a twitching bone ring for 105 gold pieces
 21384 | Orc:2    | Identified the ring of Jealousy {rElec MP+9 Str+4 Dex-3}
                  | (You bought it in a shop on level 2 of the Orcish Mines)
 21390 | Orc:2    | Bought a potion of magic for 136 gold pieces
 21392 | Orc:2    | Found Ucocad's Book Shop.
 21498 | Orc:2    | Killed flotson's ghost
 21507 | Orc:2    | Received a gift from Trog
 21761 | Swamp:1  | Entered Level 1 of the Swamp
 21876 | Swamp:1  | Reached XP level 16. HP: 66/143 MP: 16/16
 21930 | Swamp:1  | Noticed a fenstrider witch
 22092 | Snake:1  | Entered Level 1 of the Snake Pit
 22405 | Orc:2    | Bought the +6 chain mail of Midwinter {rPois} for 639 gold
                  | pieces
 23114 | Snake:1  | Reached skill level 10 in Shields
 23131 | Snake:1  | Killed from afar by a shock serpent

Illustrated notes

Levels and vault maps discovered:
D:1:      sevenhm_arrival_forest_fort_small_3, layout_basic, serial_curves,
          eino_curves_04, eino_curves_01
D:2:      layout_basic, shapermc_ecumenical_altar_venn
D:3:      layout_rooms, grunt_temple_overflow_holy_war,
          mainiacjoe_overflow_alcove_2, mainiacjoe_overflow_alcove_4,
          kennysheep_generic_room_15
D:4:      layout_basic, fedhas_altar_2, lightli_ossuary_entry_decrepit_ruins,
          chequers_serial_rivers_room_b, kennysheep_generic_room_3
D:5:      layout_cave_pools, nicolae_dithmenos_shadow_blocks,
          lightli_sewer_entry_pipes, serial_glass, glass_columns_a,
          glass_columns_b, uniq_blork_the_orc, uniq_grinder, uniq_edmund
D:6:      layout_cave_pools
D:7:      layout_gridville, minmay_temple_entry_glass, uniq_crazy_yiuf_cottage,
          uniq_harold
D:8:      layout_basic, nicolae_overflow_hidden_temple, makhleb_grotto_becter,
          minmay_manual_mail
D:9:      layout_stronghold
D:10:     layout_gridville, david_lair_generic, serial_shops,
          nicolae_shop_window_shopping, uniq_maurice
D:11:     layout_cave_pools, zombieorc1_lemuel, gammafunk_ghost_nasty_kobolds
D:12:     layout_basic, serial_undead, serial_undead_f, serial_undead_c,
          serial_undead_b, serial_undead_e
D:13:     layout_stronghold, serial_shops, shop, shop, shop_statue,
          kennysheep_mini_moat, minmay_holes, tso_metal_star
D:14:     layout_rooms, david_vaults_4, minivault_26, serial_glass,
          glass_columns_b, glass_columns_a, special_room [special_room_orc],
          uniq_josephine, uniq_agnes
Lair:1:   layout_loops_ring, st_stairs_8
Lair:2:   layout_chaotic_city, serial_bayou_shore_a, minmay_lair_oklob_chamber
Lair:3:   layout_chaotic_city, swamp_mist, minmay_snake_entry_guardpost_medium,
          minivault_26
Lair:4:   layout_misc_corridors, minivault_24, serial_bayou_shore_b,
          grunt_megastairs_3
Lair:5:   layout_gridlike, lemuel_fruit_tree, grunt_megastairs_1
Lair:6:   minmay_lair_end_frog_pond, layout_regular_city,
          nicolae_slime_entry_slimehenge, portal_ice_cave_entry_pillars_2,
          uniq_nessos
Swamp:1:  layout_basic_swamp, nicolae_swamp_big_swirl
Snake:1:  layout_misc_corridors, nicolae_snake_slithery_corners,
          nicolae_snake_squiggles
Orc:1:    giant_chief_lemuel, layout_diamond_mine, enter_bailey_2, uniq_jorgrun
Orc:2:    st_orc_open, layout_diamond_mine, gammafunk_ghost_split, serial_shops,
          shop, uniq_urug

Skill      XL: |  1  2  3  4  5  6  7  8  9 10 11 12 13 14 15 16 |
---------------+-------------------------------------------------+-----
Fighting       | 4 5 6 8 9 10 12 13 15 16 17 18 | 18.1
Long Blades    | 4 5 6 7 8 10 11 13 14 15 16 | 16.4
Armour         | 3 4 5 7 9 13 15 18 19 20 | 20.7
Stealth        | 1 2 |  2.2
Dodging        | 3 4 |  4.9
Shields        | 5 9 10 | 10.0
Evocations     | 1 |  1.6
Short Blades   | |  0.2

Action                   |  1- 3 |  4- 6 |  7- 9 | 10-12 | 13-15 | 16-18 || total
-------------------------+-------+-------+-------+-------+-------+-------++-------
Melee: Falchion          |    98 |   206 |   341 |   119 |       |       ||   764
       Short sword       |     9 |       |       |       |       |       ||     9
       Long sword        |       |       |   100 |   693 |       |       ||   793
       Scimitar          |       |       |       |    40 |   821 |    29 ||   890
       Demon blade       |       |       |       |       |   449 |   155 ||   604
Invok: Berserk           |     2 |     3 |    13 |    21 |    19 |     4 ||    62
       Trog's Hand       |       |     1 |     2 |     4 |     7 |     1 ||    15
       Brothers in Arms  |       |       |       |     5 |     7 |     1 ||    13
 Abil: Hop               |       |       |     1 |     1 |     1 |     1 ||     4
Evoke: Wand              |       |       |       |     3 |    18 |       ||    21
       Box of beasts     |       |       |       |       |     3 |       ||     3
       Condenser vane    |       |       |       |       |     2 |     1 ||     3
  Use: Scroll            |       |     7 |     6 |     4 |     9 |     6 ||    32
       Potion            |       |       |     1 |     2 |     5 |       ||     8
 Stab: Sleeping          |     1 |     1 |       |       |       |       ||     2
       Distracted        |       |       |       |       |     1 |       ||     1
       Invisible         |       |       |       |       |     1 |       ||     1
Armor: Animal skin       |    32 |    14 |       |       |       |       ||    46
       Ring mail         |       |    26 |       |       |       |       ||    26
       Scale mail        |       |     9 |    19 |       |       |       ||    28
       Plate armour      |       |       |   219 |   587 |   271 |       ||  1077
       Chain mail        |       |       |    29 |       |       |    57 ||    86
       Crystal plate arm |       |       |       |       |   840 |    90 ||   930
       Ice dragon scales |       |       |       |       |    27 |       ||    27
Dodge: Dodged            |   102 |   156 |   324 |   534 |   442 |    37 ||  1595
Block: Kite shield       |       |       |       |       |   393 |       ||   393
       Tower shield      |       |       |       |       |   343 |   232 ||   575
       Rpst.: Falchion   |    25 |    48 |    72 |    18 |       |       ||   163
       Long sword        |       |       |    30 |   115 |       |       ||   145
       Scimitar          |       |       |       |     6 |    97 |     2 ||   105
       Demon blade       |       |       |       |       |    17 |     3 ||    20

Table legend: (Time is in decaauts)
 A = Elapsed time spent in this place.
 B = Non-inter-level travel time spent in this place.
 C = Inter-level travel time spent in this place.
 D = Time resting spent in this place.
 E = Time spent auto-exploring this place.
 F = Levels seen in this place.
 G = Mean time per level.
                   A        B        C        D        E       F      G
               +--------+--------+--------+--------+--------+-----+--------+
         Total |  26490 |  24376 |   2114 |   1108 |  16862 |  28 |  946.1 |
       Dungeon |  15330 |  14190 |   1140 |    575 |  10410 |  14 | 1095.0 |
          Lair |   6461 |   5805 |    656 |    327 |   4261 |   6 | 1076.8 |
         Swamp |    235 |    235 |      0 |      0 |     50 |   1 |  235.0 |
     Snake Pit |    707 |    695 |     12 |    166 |    303 |   1 |  707.0 |
  Orcish Mines |   2378 |   2074 |    304 |      0 |   1284 |   2 | 1189.0 |
         Sewer |    234 |    234 |      0 |      0 |     82 |   1 |  234.0 |
       Ossuary |    262 |    262 |      0 |      6 |     79 |   1 |  262.0 |
        Bailey |    336 |    336 |      0 |      0 |    169 |   1 |  336.0 |
      Ice Cave |    542 |    542 |      0 |     34 |    219 |   1 |  542.0 |
               +--------+--------+--------+--------+--------+-----+--------+

Top non-repeatable levels by time:
   Orc:1: 1490 daAuts
     D:1: 1424 daAuts
    D:12: 1375 daAuts
  Lair:6: 1332 daAuts
     D:2: 1320 daAuts
    D:11: 1277 daAuts
     D:9: 1233 daAuts
  Lair:3: 1233 daAuts
    D:13: 1154 daAuts
    D:10: 1121 daAuts
  Lair:1: 1087 daAuts
  Lair:5: 1076 daAuts
     D:7: 1073 daAuts
     D:4: 1027 daAuts
     D:8: 1002 daAuts
